 Dungeon Crawl Stone Soup version 0.29.0-11-gd7f09526c8 (webtiles) character file.

Game seed: 9417101291503808496

2706 SensoryNuts the Cleaver (level 9, -4/55 HPs)
             Began as a Gargoyle Fighter on Sept 6, 2022.
             Slain by an orc warrior
             ... wielding a +0 halberd
              (6 damage)
             ... in a bailey.
             The game lasted 00:06:24 (7380 turns).

SensoryNuts the Cleaver (Gargoyle Fighter)          Turns: 7380, Time: 00:06:25

Health: -4/55      AC: 20    Str: 25    XL:     9   Next: 65%
Magic:  9/9        EV:  7    Int:  8    God:
Gold:   487        SH:  4    Dex:  9    Spells: 8/8 levels left

rFire   . . .      SeeInvis .   m - +2 war axe (flame)
rCold   . . .      Faith    .   c - +0 buckler
rNeg    + . .      Spirit   .   l - +0 plate armour
rPois   ∞          Reflect  .   a - +0 helmet
rElec   +          Harm     .   (no cloak)
rCorr   .          Rampage  .   (no gloves)
Will    .....                   (no boots)
Stlth   ..........              (no amulet)
HPRegen 0.18/turn               (no ring)
MPRegen 0.11/turn               (no ring)

@: very slow
A: sickness immunity, AC +6, negative energy resistance 1, electricity
resistance, torment resistance 1, petrification resistance
a: no special abilities


You were in a bailey.
You visited 1 branch of the dungeon, and saw 7 of its levels.
You also visited: Bailey.

You collected 487 gold pieces.

Inventory:

Hand Weapons
 m - a +2 war axe of flaming (weapon)
Armour
 a - a +0 helmet (worn)
 c - a +0 buckler (worn)
 l - a +0 plate armour (worn)
Wands
 n - a wand of flame (16) (quivered)
Scrolls
 k - a scroll of teleportation
Potions
 b - a potion of resistance
 e - 2 potions of flight
 f - a potion of degeneration {unknown}
 g - a potion of attraction
 h - a potion of cancellation {unknown}
 j - a potion of curing {unknown}


   Skills:
 + Level 5.8 Fighting
 * Level 9.8 Axes
 + Level 6.7 Armour
 + Level 0.4 Dodging
 + Level 0.6 Stealth
 + Level 4.4 Shields


You had 8 spell levels left.
You didn't know any spells.
Your spell library contained the following spells:

 Spells                   Type           Power      Damage    Failure   Level
 Dazzling Flash           Conj/Hex       0%         N/A       100%        3
 Agony                    Necr           0%         N/A       100%        5
 Silence                  Hex/Air        0%         N/A       100%        5


Dungeon Overview and Level Annotations

Branches:
Dungeon (7/15)             Bailey (1/1)
 Temple: D:4-7

Altars:
Ashenzari
Gozag
Hepliaklqana
Kikubaaqudgha
Makhleb
Uskayaw
Wu Jian
Yredelemnul


Innate Abilities, Weirdness & Mutations

You are immune to sickness and miasma.
Your stone body is resilient. (AC +6)
You are immune to poison.
You resist negative energy. (rN+)
You are resistant to electric shocks. (rElec)
You are resistant to unholy torment.
You are immune to petrification.


Message History

The orc warrior barely misses you.
You barely miss the orc warrior.
The orc warrior is severely wounded.
The orc warrior splashes around in the water.
You barely miss the orc warrior.
The orc warrior is severely wounded.
The orc warrior barely misses you.
Your unstable footing causes you to fumble your attack.
The orc warrior splashes around in the water.
You hit the orc warrior but do no damage.
The orc warrior is severely wounded.
The orc warrior hits you but does no damage.
You hit the orc warrior but do no damage.
The orc warrior is severely wounded.
The orc warrior hits you with a +0 halberd.
Your unstable footing causes you to fumble your attack.
The orc warrior hits you with a +0 halberd!
* * * LOW HITPOINT WARNING * * *
Your unstable footing causes you to fumble your attack.
The orc warrior hits you with a +0 halberd.
* * * LOW HITPOINT WARNING * * *
Your unstable footing causes you to fumble your attack.
The orc warrior closely misses you.
You barely miss the orc warrior.
The orc warrior is severely wounded.
The orc warrior hits you with a +0 halberd.
* * * LOW HITPOINT WARNING * * *
Your unstable footing causes you to fumble your attack.
The orc warrior splashes around in the water.
Your unstable footing causes you to fumble your attack.
The orc warrior hits you with a +0 halberd.
* * * LOW HITPOINT WARNING * * *
You hit the orc warrior.
The orc warrior is severely wounded.
The orc warrior hits you but does no damage.
You block the orc warrior's attack.
You closely miss the orc warrior.
The orc warrior is severely wounded.
The orc warrior hits you with a +0 halberd.
You die...

########### ##.........##
##..~~~~~~~..##
##..~~.....~~..##
##########..o@..###..~~..#####
#..........~)..## ##..~~...)..
#.~~~~))~~~~..## :[##..~~~~~))
#.~))........## .. ##........
#.~.#############'############
#.~.##.....##......... $$.#
#.~..##...##..≈≈≈§≈≈≈. .$.##
#.~~..##.#+.§§§§§§..≈≈ ##.##.
##.~~..#+#..§≈§..⌠...≈ #+#..


You could see an orc warrior.

Vanquished Creatures
  Pikel (D:7)
  3 water moccasins
  3 sky beasts (D:6)
  An ice beast (D:6)
  2 orc warriors (Bailey)
  A black bear (D:6)
  2 ogres
  A lemure (D:7)
  A phantom (D:6)
  A bullfrog (D:6)
  A gnoll sergeant (D:6)
  2 scorpions (D:4)
  2 necrophages
  2 jellies
  4 orc priests
  3 hounds
  A gnoll bouda (D:3)
  2 iguanas
  An orc wizard (D:5)
  7 gnolls
  13 adders
  An ufetubus (D:6)
  A worm (D:3)
  3 dart slugs
  28 orcs
  5 endoplasms
  2 giant cockroaches
  8 goblins
  7 hobgoblins
  2 quokkas
  6 ball pythons
  5 bats
  2 frilled lizards (D:1)
  8 kobolds
  6 rats
  A spectral goblin (D:5)
139 creatures vanquished.

Notes
Turn   | Place    | Note
-------+----------+-------------------------------------------
     0 | D:1      | SensoryNuts the Gargoyle Fighter began the quest for the
                  | Orb.
     0 | D:1      | Reached XP level 1. HP: 14/14 MP: 1/1
   158 | D:1      | Reached skill level 2 in Axes
   158 | D:1      | Reached XP level 2. HP: 19/19 MP: 2/2
   751 | D:1      | Reached XP level 3. HP: 24/24 MP: 3/3
  1458 | D:2      | Found a faded altar of an unknown god.
  2313 | D:3      | Reached XP level 4. HP: 29/29 MP: 4/4
  2407 | D:3      | Noticed a +0 dagger
  2409 | D:3      | Noticed a +0 hand axe
  2471 | D:3      | Found a hide-covered altar of Uskayaw.
  2492 | D:3      | Found a burning altar of Makhleb.
  2608 | D:3      | Reached skill level 3 in Axes
  2770 | D:3      | Found a broken altar of Ashenzari.
  2993 | D:4      | Reached XP level 5. HP: 23/33 MP: 5/5
  3138 | D:4      | Found a basalt altar of Yredelemnul.
  3237 | D:4      | Noticed an ogre
  3247 | D:4      | Killed an ogre
  3248 | D:4      | Reached skill level 4 in Axes
  3248 | D:4      | Reached XP level 6. HP: 24/38 MP: 6/6
  3789 | D:4      | Reached skill level 5 in Axes
  3870 | D:4      | Reached XP level 7. HP: 41/43 MP: 7/7
  4218 | D:5      | Entered Level 5 of the Dungeon
  4572 | D:5      | Reached skill level 5 in Armour
  4876 | D:5      | Found an opulent altar of Gozag.
  4929 | D:5      | Found a hazy altar of Hepliaklqana.
  5012 | D:5      | Reached skill level 6 in Axes
  5316 | D:5      | Reached XP level 8. HP: 47/48 MP: 8/8
  5610 | D:6      | Reached skill level 7 in Axes
  5616 | D:6      | Found an ancient bone altar of Kikubaaqudgha.
  6001 | D:6      | Reached skill level 5 in Fighting
  6001 | D:6      | Reached skill level 8 in Axes
  6092 | D:6      | Reached XP level 9. HP: 41/54 MP: 9/9
  6165 | D:6      | Found an ornate altar of the Wu Jian Council.
  6571 | D:7      | Reached skill level 9 in Axes
  6572 | D:7      | Noticed Pikel
  6582 | D:7      | Killed Pikel
  6636 | D:7      | Found a flagged portal.
  6658 | Bailey   | Entered a bailey
  7320 | Bailey   | HP: 1/55 [orc warrior/+0 halberd (5)]
  7378 | Bailey   | HP: 2/55 [orc warrior/+0 halberd (6)]
  7380 | Bailey   | Slain by an orc warrior

Illustrated notes

Levels and vault maps discovered:
D:1:      scummos_arrival_checkerplants, layout_loops_cross, skrybe_limestone_x,
          st_stairs_10
D:2:      layout_basic, hellmonk_ecumenical_altar_pennies_from_heaven
D:3:      layout_rooms, lemuel_round_altar, mainiacjoe_overflow_catwalk,
          dancing_weapons_uskayaw
D:4:      layout_cave_pods, yredelemnul_altar_generic, minivault_4
D:5:      layout_gridville, nicolae_hepliaklqana_monster_ancestors,
          nicolae_gozag_seed_capital, serial_glass, glass_columns_a,
          glass_columns_a, glass_columns_b, glass_columns_b, glass_columns_a,
          glass_columns_b
D:6:      layout_loops_ring, lemuel_coloured_pillars_altar,
          nicolae_kikubaaqudgha_miasma_corner, minmay_holes, chequers_avenue,
          chequers_serial_rivers_marsh
D:7:      layout_loops_cross, minmay_temple_entry_purple_smoke, enter_bailey_2,
          minmay_misc_feat_tiny, uniq_crazy_yiuf_cottage, uniq_maggie,
          uniq_pikel, uniq_prince_ribbit1
Bailey:   bailey_polearm_1, bailey

Skill      XL: |  1  2  3  4  5  6  7  8  9 |
---------------+----------------------------+-----
Axes           | 2 3 4 5 6 8 9 |  9.8
Armour         | 4 5 6 |  6.7
Fighting       | 4 5 |  5.8
Shields        | 4 |  4.4
Dodging        | |  0.4
Stealth        | |  0.6

Action                   |  1- 3 |  4- 6 |  7- 9 || total
-------------------------+-------+-------+-------++-------
Melee: War axe           |   134 |   144 |   257 ||   535
  Use: Scroll            |     7 |     2 |     4 ||    13
       Potion            |       |     1 |     6 ||     7
Armor: Scale mail        |    76 |       |       ||    76
       Plate armour      |    12 |   113 |   158 ||   283
Dodge: Dodged            |    83 |    45 |    76 ||   204
Block: Buckler           |    28 |    35 |    42 ||   105
